 Dungeon Crawl Stone Soup version 0.19.5 (webtiles) character file.

152 Phaedo the Poker (level 5, -1/42 HPs)
             Began as a Merfolk Skald on Mar 25, 2017.
             Killed from afar by an orc (11 damage)
             ... with a wand of acid
             ... on level 3 of the Dungeon.
             The game lasted 00:08:30 (2598 turns).

Phaedo the Poker (Merfolk Skald)                    Turns: 2598, Time: 00:08:30

Health: -1/42      AC:  4    Str: 13    XL:     5   Next: 34%
Magic:  8/8        EV: 13    Int: 12    God:
Gold:   104        SH:  0    Dex: 13    Spells: 3 memorised, 2 levels left

rFire  . . .     SeeInvis .     b - +0 hunting sling (freeze)
rCold  . . .     Gourm    .     r - +1 leather armour
rNeg   . . .     Faith    .     (no shield)
rPois  .         Spirit   .     (no helmet)
rElec  .         Reflect  .     (no cloak)
rCorr  .         Harm     .     (no gloves)
MR     .....                    (no boots)
Stlth  +.........               (no amulet)
                                (no ring)
                                (no ring)

@: no status effects
A: change form in water, swift swim, stealthy swim
a: no special abilities


You were on level 3 of the Dungeon.
You were not hungry.

You visited 1 branch of the dungeon, and saw 3 of its levels.

You collected 104 gold pieces.

Inventory:

Hand Weapons
 a - a +0 trident
 b - a +0 hunting sling of freezing (weapon)
 t - a +1 spear
Missiles
 e - 108 stones (quivered)
Armour
 r - a +1 leather armour (worn)
Jewellery
 f - a cursed -2 ring of intelligence {unknown}
 k - an uncursed ring of magical power {unknown}
Scrolls
 g - 2 scrolls of teleportation {unknown}
 j - a scroll of noise {unknown}
 o - a scroll of fear
 p - 2 scrolls of magic mapping
 v - a scroll of enchant armour
Potions
 m - a potion of haste
 q - a potion of curing
 s - a potion of magic
 u - a potion of might
Books
 c - a book of Battle

   Spells                             Type                      Level
   a - Infusion                       Charms                       1
   b - Shroud of Golubria             Charms/Translocation         2
   c - Song of Slaying                Charms                       2
   d - Spectral Weapon                Hexes/Charms                 3
   e - Regeneration                   Charms/Necromancy            3
Comestibles
 d - 2 bread rations
 h - 3 chunks of flesh
 i - a slice of pizza
 l - a beef jerky
 n - 2 meat rations


   Skills:
 + Level 3.7 Fighting
 + Level 4.6 Polearms
 - Level 0.6 Armour
 + Level 3.1 Dodging
 - Level 2.0 Spellcasting
 + Level 4.2 Charms


You had 2 spell levels left.
You knew the following spells:

 Your Spells              Type           Power        Failure   Level  Hunger
a - Infusion              Chrm           ##..         8%          1    ##.....
b - Song of Slaying       Chrm           ##......     12%         2    ###....
c - Spectral Weapon       Hex/Chrm       #.......     45%         3    ####...


Dungeon Overview and Level Annotations

Branches:
Dungeon (3/15)

Altars:
Ashenzari
Dithmenos


Message History

Press: ? - help, Shift-Dir - straight line, f - orc
Aim: an orc, wielding a dagger and wearing a leather armour You shoot a stone.
The orc shouts!
The stone hits the orc.
The stone freezes the orc.
The orc is heavily wounded.
Firing (i - inventory):
e - 110 stones (quivered)
Press: ? - help, Shift-Dir - straight line, f/p - orc
Aim: an orc, wielding a dagger and wearing a leather armour (heavily wounded)
You shoot a stone. The stone hits the orc.
The stone freezes the orc.
You kill the orc!
Firing (i - inventory):
e - 109 stones (quivered)
Press: ? - help, Shift-Dir - straight line, f - orc
Aim: an orc, wielding a hand axe and wearing a leather armour You shoot a stone.
The stone barely misses the orc.
The orc zaps a wand.
The bolt of acid hits you!
You are splashed with acid!
The acid burns!
* * * LOW HITPOINT WARNING * * *
It is a wand of acid.
The orc zaps a wand.
The bolt of acid hits you!
You die...

... .# #........)..#..
... .# #......#.####.#
.####(####.# #......#.#
># ......)....#
########.####.#
######o#.## #.......#.#
####...## #.##.##.#.#
#.......# ####.##)##.#.#
#.##.##.####.)...>......#
# #.#..@...#.#.#####(###
#....####.##.#####.#
###### ####.......#
######### # # #


You could see an orc.

Vanquished Creatures
  An orc wizard (D:3)
  Ijyb (D:2)
  4 adders
  A worm (D:2)
  3 dart slugs
  A leopard gecko (D:3)
  4 orcs (D:3)
  7 bats
  5 hobgoblins
  2 jackals (D:1)
  A quokka (D:2)
  2 frilled lizards
  3 goblins
  11 kobolds
  8 rats
54 creatures vanquished.

Notes
Turn   | Place    | Note
-------+----------+-------------------------------------------
     0 | D:1      | Phaedo the Merfolk Skald began the quest for the Orb.
     0 | D:1      | Reached XP level 1. HP: 16/16 MP: 3/3
   473 | D:1      | Reached XP level 2. HP: 23/23 MP: 5/5
   747 | D:1      | Learned a level 2 spell: Song of Slaying
   861 | D:1      | Reached XP level 3. HP: 13/28 MP: 2/6
  1492 | D:2      | Reached XP level 4. HP: 33/35 MP: 3/7
  1502 | D:2      | Learned a level 3 spell: Spectral Weapon
  1568 | D:2      | Found a shattered altar of Ashenzari.
  1569 | D:2      | Noticed Ijyb
  1585 | D:2      | Killed Ijyb
  2121 | D:3      | Reached XP level 5. HP: 34/41 MP: 4/8
  2338 | D:3      | Found a shadowy altar of Dithmenos.
  2598 | D:3      | Killed from afar by an orc

Skill      XL: |  1  2  3  4 |
---------------+-------------+-----
Dodging        | 2 3 |  3.1
Fighting       | 3 |  3.7
Polearms       | 4 |  4.6
Charms         | 4 |  4.2
Armour         | |  0.6
Spellcasting   | |  2.0

Action                   |  1- 3 |  4- 6 || total
-------------------------+-------+-------++-------
Melee: Spear             |   104 |    97 ||   201
       Trident           |       |     8 ||     8
 Fire: Hunting sling     |       |    17 ||    17
Throw: Stone             |    12 |     1 ||    13
 Cast: Infusion          |     3 |     2 ||     5
  Use: Potion            |     2 |       ||     2
       Scroll            |     1 |    10 ||    11
 Stab: Sleeping          |     1 |     1 ||     2
       Invisible         |     1 |       ||     1
  Eat: Chunk             |     2 |     4 ||     6
Armor: Leather armour    |    20 |    22 ||    42
Dodge: Dodged            |    67 |    35 ||   102
